[Event "Titled Tuesday Blitz June 20 Early 2023"]
[White "Weetik, Vjacheslav"]
[Black "Mamedov, Edgar"]
[WhiteFideId "4153472"]
[BlackFideId "13739980"]
[WhiteElo "2469"]
[BlackElo "2317"]
[Result "1-0"]
[Round "6"]
[TimeControl "180+2"]
[Date "2023.06.20"]
[WhiteClock "0:00:06"]
[BlackClock "0:00:00"]
[Board "62"]

1. d4 d5 2. c4 c6 3. Nf3 Nf6 4. g3 Bf5 5. Nc3 e6 6. Nh4 Be4 7. f3 Bg6 8. Qb3 Qb6 9. c5 Qc7 10. Bf4 Qc8 11. e4 dxe4 12. Nxg6 hxg6 13. fxe4 Nh5 14. O-O-O Nd7 15. Bc4 Nxf4 16. gxf4 Qc7 17. f5 gxf5 18. exf5 Qf4+ 19. Rd2 O-O-O 20. Rf1 Qh6 21. Ne4 Bxc5 22. fxe6 fxe6 23. Bxe6 Bb6 24. Nd6+ Kb8 25. Nf7 Nc5 26. Qg3+ Bc7 27. Nxh6 Bxg3 28. Nf7 Ne4 29. hxg3 Nxd2 30. Kxd2 Rh2+ 31. Kc3 Re8 32. Ng5 Re2 33. Rf7 R8xe6 34. Nxe6 Rxe6 35. Rxg7 Re3+ 36. Kd2 Rf3 37. Ke2 Rf5 38. g4 Rf4 39. Ke3 Rf1 40. Ke2 Rb1 41. g5 Rxb2+ 42. Kf3 Rxa2 43. g6 Ra1 44. Rf7 Rg1 45. g7 a5 46. Rf8+ Ka7 47. g8=Q Rxg8 48. Rxg8 Kb6 49. Ke4 Kb5 50. Rb8 b6 51. Kd3 a4 52. Kc3 Ka5 53. Kc4 Ka6 54. Ra8+ Kb7 55. Rg8 Ka6 56. Kb4 b5 57. Rg6 Kb6 58. d5 Kb7 59. Rxc6 1-0


[Site "https://www.chess.com"]

[Event "Titled Tuesday Blitz June 20 Early 2023"]
[White "Pakleza, Zbigniew"]
[Black "Karamsetty, Jeevan"]
[WhiteFideId "1119290"]
[BlackFideId "2025337"]
[WhiteElo "2410"]
[BlackElo "2131"]
[Result "1-0"]
[Round "6"]
[TimeControl "180+2"]
[Date "2023.06.20"]
[WhiteClock "0:00:25"]
[BlackClock "0:00:02"]
[Board "63"]

1. d4 g6 2. Nf3 Bg7 3. Bf4 d6 4. e3 Nd7 5. h3 e5 6. Bh2 Qe7 7. Be2 Nh6 8. O-O O-O 9. c3 c6 10. a4 f5 11. Na3 g5 12. Nc4 f4 13. dxe5 d5 14. Nd6 Nxe5 15. Nxc8 Raxc8 16. exf4 gxf4 17. Re1 Rce8 18. Nxe5 Bxe5 19. Bd3 Qg7 20. Qf3 Kh8 21. Re2 Nf7 22. Qg4 Ng5 23. Rae1 Rg8 24. Bxf4 Nxh3+ 25. Qxh3 Bxc3 26. Rxe8 Bxe1 27. Be5 Rxe8 28. Qxh7# 1-0


[Site "https://www.chess.com"]

[Event "Titled Tuesday Blitz June 20 Early 2023"]
[White "Oro, Faustino"]
[Black "Aarav Dengla"]
[WhiteFideId "20000197"]
[BlackFideId "45059756"]
[WhiteElo "1984"]
[BlackElo "2288"]
[Result "1-0"]
[Round "6"]
[TimeControl "180+2"]
[Date "2023.06.20"]
[WhiteClock "0:00:05"]
[BlackClock "0:00:00"]
[Board "64"]

1. Nf3 d5 2. g3 g6 3. Bg2 Bg7 4. d4 Nf6 5. O-O O-O 6. c4 c6 7. cxd5 cxd5 8. Nc3 Nc6 9. Ne5 Be6 10. Bf4 Nh5 11. Nxc6 bxc6 12. Be3 Qb6 13. Na4 Qb5 14. Rc1 Nf6 15. Nc5 Bf5 16. b3 Ng4 17. Bf4 e5 18. dxe5 Nxe5 19. Be3 Nd7 20. Qd2 Rfe8 21. Rfe1 Rxe3 22. Qxe3 d4 23. Qf3 Nxc5 24. Qxc6 Qxc6 25. Bxc6 Rc8 26. Rxc5 Bf8 27. Rcc1 Ba3 28. Rc4 Be6 29. Bd5 Rxc4 30. Bxc4 Bxc4 31. bxc4 Bb4 32. Rd1 Bc5 33. Kg2 Kf8 34. Kf3 Ke7 35. e3 dxe3 36. fxe3 Ke6 37. Rb1 Bb6 38. Ke4 Kd6 39. Rb5 Kc6 40. Kd3 Bc7 41. e4 f6 42. Rd5 Bb6 43. a4 Bc7 44. a5 a6 45. Kd4 h6 46. Rc5+ Kd6 47. e5+ fxe5+ 48. Rxe5 Kd7 49. Rd5+ Ke6 50. Rc5 Kd6 51. Rd5+ Kc6 52. Ke4 Bd6 53. Rd3 Kc5 54. Rf3 Be7 55. Rf7 Bg5 56. Rg7 Kxc4 57. Rxg6 Kb5 58. h4 Bc1 59. g4 Kxa5 60. Kf5 Kb5 61. Ke4 1-0


[Site "https://www.chess.com"]

[Event "Titled Tuesday Blitz June 20 Early 2023"]
[White "Gavrilov, Maxim"]
[Black "Cherniaiev, Tykhon"]
[WhiteFideId "24271454"]
[BlackFideId "14182360"]
[WhiteElo "1969"]
[BlackElo "2450"]
[Result "1/2-1/2"]
[Round "6"]
[TimeControl "180+2"]
[Date "2023.06.20"]
[WhiteClock "0:01:34"]
[BlackClock "0:00:07"]
[Board "65"]

1. d4 Nf6 2. c4 e6 3. Nc3 d5 4. cxd5 exd5 5. Bg5 Be7 6. e3 O-O 7. Bd3 c6 8. Qc2 h6 9. Bh4 a5 10. h3 Na6 11. a3 Nh5 12. Bxe7 Qxe7 13. Nge2 Nf6 14. O-O Nc7 15. Rab1 Re8 16. Rfe1 Be6 17. Na4 Nd7 18. Nf4 Qd6 19. Rec1 Na6 20. Nxe6 fxe6 21. Bg6 Rf8 22. e4 Qf4 23. Nc3 Qg5 24. e5 c5 25. Ne2 cxd4 26. Nxd4 Nxe5 27. Bh7+ Kh8 28. Nxe6 Nf3+ 29. Kf1 Nh2+ 30. Kg1 Nf3+ 31. Kf1 Nh2+ 32. Kg1 Nf3+ 1/2-1/2


[Site "https://www.chess.com"]

[Event "Titled Tuesday Blitz June 20 Early 2023"]
[White "Aradhya, Garg"]
[Black "chess123456s"]
[WhiteFideId "25006746"]
[WhiteElo "2263"]
[BlackElo "2531"]
[Result "1-0"]
[Round "6"]
[TimeControl "180+2"]
[Date "2023.06.20"]
[WhiteClock "0:00:48"]
[BlackClock "0:00:04"]
[Board "66"]

1. d4 d5 2. c4 c6 3. Nc3 Nf6 4. Nf3 e6 5. e3 Nbd7 6. Be2 Bd6 7. O-O O-O 8. b3 b6 9. Bb2 Bb7 10. Qc2 Qe7 11. Rad1 Rad8 12. Rfe1 Rfe8 13. Bf1 c5 14. cxd5 exd5 15. g3 a6 16. Bg2 Bc7 17. Nh4 Qe6 18. dxc5 bxc5 19. Na4 Ne4 20. Bxe4 Qxe4 21. Qxe4 Rxe4 22. Rc1 Bd6 23. Ba3 Rc8 24. Red1 Bf8 25. Ng2 g5 26. Nc3 Re5 27. f4 gxf4 28. exf4 Ree8 29. Nxd5 Re2 30. Nge3 Rxa2 31. Nc4 Bg7 32. Ne7+ Kf8 33. Nxc8 Bxc8 34. Rd2 Bd4+ 35. Rxd4 Rxa3 36. Rxd7 1-0


[Site "https://www.chess.com"]

[Event "Titled Tuesday Blitz June 20 Early 2023"]
[White "Asavasaetakul, Chawit"]
[Black "Nazari, Arad"]
[WhiteFideId "6204856"]
[BlackFideId "12577324"]
[WhiteElo "1919"]
[BlackElo "2175"]
[Result "1-0"]
[Round "6"]
[TimeControl "180+2"]
[Date "2023.06.20"]
[WhiteClock "0:00:19"]
[BlackClock "0:00:10"]
[Board "67"]

1. e4 c5 2. c3 d5 3. exd5 Qxd5 4. d4 g6 5. Nf3 Bg7 6. Be3 cxd4 7. cxd4 Nc6 8. Nc3 Qa5 9. d5 Ne5 10. Bd4 Nxf3+ 11. gxf3 Nf6 12. Bb5+ Kf8 13. O-O a6 14. Bc4 b5 15. Bb3 Bb7 16. a3 h5 17. Re1 Re8 18. Bc5 Nd7 19. Bb4 Qb6 20. Qe2 Bf6 21. Ne4 Bh4 22. Rad1 Kg7 23. Bc3+ Nf6 24. Qd2 Kh7 25. Bd4 Nxe4 26. Rxe4 Qd6 27. Rxh4 Rhg8 28. Qg5 Bc8 29. Be5 Qb6 30. d6 f6 31. Qg3 fxe5 32. d7 Bxd7 33. Rxd7 Rg7 34. Qxe5 Rf8 35. Rxe7 Rxf3 36. Qxg7# 1-0


[Site "https://www.chess.com"]

[Event "Titled Tuesday Blitz June 20 Early 2023"]
[White "Veiga, Jose Francisco R P Neves"]
[Black "Toropov, Pavel"]
[WhiteFideId "1930087"]
[BlackFideId "24129178"]
[WhiteElo "2319"]
[BlackElo "2182"]
[Result "0-1"]
[Round "6"]
[TimeControl "180+2"]
[Date "2023.06.20"]
[WhiteClock "0:00:38"]
[BlackClock "0:00:21"]
[Board "68"]

1. c4 c6 2. Nc3 d5 3. d4 Nf6 4. Nf3 dxc4 5. a4 Bf5 6. e3 e6 7. Bxc4 Bb4 8. O-O O-O 9. Ne5 Nbd7 10. Nxd7 Qxd7 11. f3 Bg6 12. e4 Qe7 13. Be3 e5 14. a5 Rfd8 15. d5 Bxc3 16. bxc3 cxd5 17. exd5 Rac8 18. Qb3 Qc7 19. Ra4 Nd7 20. Bxa7 Ra8 21. Bb6 Nxb6 22. axb6 Qc5+ 23. Kh1 Rxa4 24. Qxa4 Qxb6 25. Qb4 Qxb4 26. cxb4 Kf8 27. f4 Rc8 28. Bb5 exf4 29. d6 Be4 30. h4 Bc6 31. Bd3 Rd8 32. Rxf4 Rxd6 33. Bxh7 g6 34. h5 Kg7 35. hxg6 fxg6 36. Rh4 Rd2 37. Rh2 Rxg2 38. Rxg2 Kxh7 39. Kh2 Bxg2 40. Kxg2 Kg7 41. Kf3 Kf6 42. Ke4 g5 43. Kd5 g4 44. Kc5 g3 45. Kb6 g2 46. Kxb7 g1=Q 47. b5 Ke7 48. Kc6 Qa7 49. b6 Qb8 50. b7 Kd8 0-1


[Site "https://www.chess.com"]

[Event "Titled Tuesday Blitz June 20 Early 2023"]
[White "Rahman, Masruri"]
[Black "Garcia, Erick"]
[WhiteFideId "7101163"]
[BlackFideId "2058880"]
[WhiteElo "2256"]
[BlackElo "2202"]
[Result "1/2-1/2"]
[Round "6"]
[TimeControl "180+2"]
[Date "2023.06.20"]
[WhiteClock "0:00:15"]
[BlackClock "0:00:13"]
[Board "69"]

1. d4 Nf6 2. Bf4 d5 3. e3 c5 4. Nc3 a6 5. Nf3 Nc6 6. dxc5 e6 7. Na4 Nd7 8. c4 Qa5+ 9. Nc3 Nxc5 10. cxd5 exd5 11. Be2 Ne4 12. O-O Nxc3 13. bxc3 Be7 14. c4 dxc4 15. Bxc4 O-O 16. e4 Bg4 17. Qb3 Rac8 18. Bd5 b5 19. Bxc6 Bxf3 20. Bb7 Be2 21. Rfe1 Bc4 22. Qg3 Rcd8 23. Bh6 g6 24. Bxf8 Bxf8 25. Bd5 Bxd5 26. exd5 Rxd5 27. Qf3 Rf5 28. Qd3 Bc5 29. Re2 Qb6 30. Rf1 h5 31. g3 b4 32. Kg2 a5 33. f4 Kg7 34. Re5 Rf6 35. Qc4 Bf8 36. Rc1 a4 37. Rb5 Qe3 38. Re5 Qd2+ 39. Re2 Qd7 40. Rcc2 h4 41. Red2 Qg4 42. Qe2 Qf5 43. Qf3 Re6 44. Re2 Rb6 45. Qe4 Qxe4+ 46. Rxe4 b3 47. axb3 axb3 48. Rb2 Ba3 49. Rb1 b2 50. Re3 Bc5 51. Rd3 Be7 52. Rd2 hxg3 53. hxg3 Bf6 54. g4 Rb3 55. g5 Bc3 56. Rd3 f6 57. Kf3 fxg5 58. fxg5 Kf7 59. Ke4 Ke6 60. Re3 Rb4+ 61. Kd3+ Be5 62. Kc2 Rc4+ 63. Kb3 Rc8 64. Rbe1 Rc5 65. Ka2 Ra5+ 66. Kb3 Rb5+ 67. Kc2 Rc5+ 68. Kb1 Ra5 69. Kc2 Rc5+ 70. Kb1 Ra5 71. Kc2 Rc5+ 1/2-1/2


[Site "https://www.chess.com"]

[Event "Titled Tuesday Blitz June 20 Early 2023"]
[White "Amilal Munkhdalai"]
[Black "Kuznetsova, Olga"]
[WhiteFideId "4903250"]
[BlackFideId "4191323"]
[WhiteElo "2293"]
[BlackElo "2134"]
[Result "1-0"]
[Round "6"]
[TimeControl "180+2"]
[Date "2023.06.20"]
[WhiteClock "0:00:12"]
[BlackClock "0:00:15"]
[Board "70"]

1. e4 e6 2. d4 d5 3. Nd2 dxe4 4. Nxe4 Nd7 5. Nf3 Ngf6 6. Nxf6+ Nxf6 7. Bd3 c5 8. Be3 Nd5 9. Bg5 Qa5+ 10. Bd2 Qb6 11. c4 Nb4 12. Bc3 Nxd3+ 13. Qxd3 cxd4 14. Bxd4 Bb4+ 15. Ke2 Bc5 16. Bxc5 Qxc5 17. Rhd1 O-O 18. Qd4 Qb4 19. a3 Qa4 20. Kf1 b5 21. c5 Qa6 22. b4 Bb7 23. Ne5 Bd5 24. Kg1 Qb7 25. f3 Rac8 26. Nd3 Rfd8 27. Nf4 Qc6 28. Qe3 Bc4 29. Rd2 Rd7 30. Rad1 Rcd8 31. Rxd7 Rxd7 32. Rd4 f6 33. Nh3 e5 34. Rxd7 Qxd7 35. Nf2 Kf7 36. h4 h6 37. Ne4 Ke6 38. Nd6 Qc6 39. Kf2 Qd5 40. Qe4 Qd2+ 41. Kg3 Bd3 42. Qg4+ Ke7 43. Qxg7+ Ke6 44. Qf7# 1-0


[Site "https://www.chess.com"]

[Event "Titled Tuesday Blitz June 20 Early 2023"]
[White "Lamard, Guillaume"]
[Black "Turzo, Attila"]
[WhiteFideId "600261"]
[BlackFideId "704954"]
[WhiteElo "2413"]
[BlackElo "2520"]
[Result "1-0"]
[Round "6"]
[TimeControl "180+2"]
[Date "2023.06.20"]
[WhiteClock "0:00:10"]
[BlackClock "0:00:08"]
[Board "71"]

1. d4 Nf6 2. c4 g6 3. Nc3 Bg7 4. e4 d6 5. Be2 O-O 6. h4 c5 7. d5 b5 8. cxb5 a6 9. a4 axb5 10. Bxb5 Ba6 11. Qc2 Bxb5 12. Nxb5 Na6 13. Bd2 e6 14. dxe6 fxe6 15. Nf3 d5 16. Ng5 Qd7 17. e5 Ng4 18. f4 d4 19. Qc4 Rfe8 20. O-O Qd5 21. b3 h6 22. Nf3 Bf8 23. Nh2 Nxh2 24. Kxh2 Qe4 25. Rae1 Qf5 26. Qe2 h5 27. Qe4 Be7 28. g3 Qxe4 29. Rxe4 Rec8 30. Rc1 Nc7 31. Nd6 Rd8 32. Nc4 Nd5 33. Rb1 Rdb8 34. Ree1 Rb7 35. Na5 Rb6 36. Kg2 Rab8 37. Kf3 Kf7 38. Ke4 Ke8 39. Kd3 Kd7 40. Rec1 Nb4+ 41. Bxb4 Rxb4 42. Kc2 Bd8 43. Nc4 Be7 44. Rd1 R8b7 45. Rd3 Rb8 46. Ra1 Kc6 47. a5 Ra8 48. Ra2 Bd8 49. Rd1 Bc7 50. Rda1 Ra6 51. Ra4 Kb5 52. R4a2 Kc6 53. Ra3 Kb5 54. Kd3 Bd8 55. Ke4 Bc7 56. Kf3 Kc6 57. g4 hxg4+ 58. Kxg4 Kd5 59. Nd2 d3 60. Nc4 Kd4 61. Kf3 Kc3 62. Rc1+ Kd4 63. Rd1 Kc3 64. Ke4 Rxb3 65. Rxd3+ Kxc4 66. Rdxb3 Bxa5 67. Rb1 Ra7 68. Ra4+ Kc3 69. Rba1 Rh7 70. Rxa5 Rxh4 71. R5a3+ Kb4 72. Ra4+ Kb5 73. Ra5+ Kb4 74. Ra6 c4 75. Rxe6 Kc3 76. Rc6 Rh2 77. Ra4 Re2+ 78. Kd5 Rd2+ 79. Ke6 Rd4 80. Raxc4+ Rxc4 81. Rxc4+ Kxc4 82. Kf6 Kd5 83. e6 Ke4 84. e7 Kxf4 85. e8=Q g5 86. Qh5 g4 87. Qh4 Kf3 88. Qh1+ Kf2 89. Qh4+ Kf3 90. Kf5 g3 91. Qf4+ Kg2 92. Kg4 Kh1 93. Kh3 Kg1 94. Qxg3+ 1-0


[Site "https://www.chess.com"]

[Event "Titled Tuesday Blitz June 20 Early 2023"]
[White "Camilla_Lee"]
[Black "Fus, Jakub"]
[BlackFideId "1193023"]
[WhiteElo "2519"]
[BlackElo "2335"]
[Result "1/2-1/2"]
[Round "6"]
[TimeControl "180+2"]
[Date "2023.06.20"]
[WhiteClock "0:00:29"]
[BlackClock "0:00:30"]
[Board "72"]

1. e4 e5 2. Nf3 Nc6 3. Nc3 Nf6 4. d4 exd4 5. Nd5 Nb4 6. Bc4 Nbxd5 7. exd5 Bb4+ 8. Bd2 Bxd2+ 9. Qxd2 O-O 10. O-O d6 11. Nxd4 Re8 12. h3 Bd7 13. Rfe1 h6 14. Rxe8+ Qxe8 15. Re1 Qf8 16. Bb5 Re8 17. Bxd7 Nxd7 18. Nb5 Rxe1+ 19. Qxe1 Qd8 20. Nxa7 Nf6 21. c4 Qa8 22. Qa5 Ne4 23. Qxc7 Qxa7 24. Qc8+ Kh7 25. Qf5+ Kg8 26. Qxe4 Qxa2 27. Qe8+ Kh7 28. Qxf7 Qxb2 29. Qf5+ Kh8 30. Qe6 Qc1+ 31. Kh2 Qf4+ 32. Kg1 Qc1+ 33. Kh2 Qf4+ 34. Kg1 Qc1+ 1/2-1/2


[Site "https://www.chess.com"]

[Event "Titled Tuesday Blitz June 20 Early 2023"]
[White "Zaragatski, Ilja"]
[Black "Martinez Ramirez, Lennis"]
[WhiteFideId "4655192"]
[BlackFideId "3509079"]
[WhiteElo "2460"]
[BlackElo "2410"]
[Result "1-0"]
[Round "6"]
[TimeControl "180+2"]
[Date "2023.06.20"]
[WhiteClock "0:00:08"]
[BlackClock "0:00:00"]
[Board "73"]

1. c4 e5 2. g3 Nf6 3. Bg2 c6 4. d4 exd4 5. Qxd4 d5 6. Nf3 dxc4 7. Qxc4 Be6 8. Qc2 h6 9. O-O Nbd7 10. Nd4 Qe7 11. Nc3 g6 12. e4 Bg7 13. f4 Bc4 14. Rd1 Rd8 15. e5 Ng4 16. Ne4 Ndxe5 17. fxe5 Nxe5 18. Bf4 Bd3 19. Rxd3 Nxd3 20. Nxc6 bxc6 21. Qxc6+ Kf8 22. Bd6 Rxd6 23. Qxd6 Qxd6 24. Nxd6 Nxb2 25. Re1 Bd4+ 26. Kf1 Kg7 27. Re7 Rd8 28. Rxf7+ Kg8 29. Nb7 Kxf7 30. Nxd8+ Kf6 31. Ke2 Bb6 32. Nc6 Na4 33. Kd3 Nc5+ 34. Kc4 Ne6 35. a4 h5 36. a5 Bg1 37. h3 g5 38. Kb5 Bf2 39. g4 h4 40. Ka6 Nc7+ 41. Kb7 Nb5 42. Bf1 Nd6+ 43. Kb8 Ne8 44. Nxa7 Ke6 45. a6 1-0


[Site "https://www.chess.com"]

[Event "Titled Tuesday Blitz June 20 Early 2023"]
[White "Ajay Karthikeyan"]
[Black "Czerw, Dawid"]
[WhiteFideId "35011685"]
[BlackFideId "1145746"]
[WhiteElo "2321"]
[BlackElo "2144"]
[Result "1-0"]
[Round "6"]
[TimeControl "180+2"]
[Date "2023.06.20"]
[WhiteClock "0:00:34"]
[BlackClock "0:00:00"]
[Board "74"]

1. e4 c5 2. Nf3 Nc6 3. Bb5 e6 4. O-O Nge7 5. Re1 b6 6. Bf1 d5 7. b3 dxe4 8. Rxe4 Bb7 9. Bb2 Nf5 10. Re1 Bd6 11. Nc3 O-O 12. Ne4 Bc7 13. Ng3 Ncd4 14. Nxd4 Nxd4 15. Bd3 g6 16. Be4 Bxe4 17. Nxe4 f5 18. Ng3 e5 19. d3 Qg5 20. Bc1 Qf6 21. Bb2 Rae8 22. c3 Ne6 23. Qf3 Nf4 24. Rad1 Rd8 25. c4 Rd7 26. Ne2 Nxe2+ 27. Qxe2 Rfd8 28. f4 Re8 29. fxe5 Qc6 30. d4 cxd4 31. Bxd4 Rde7 32. Qb2 Qa8 33. Bc3 Qb8 34. Rd5 Re6 35. Qd2 R8e7 36. Bb4 Re8 37. Bc3 R8e7 38. h3 Qe8 39. h4 Qf7 40. a4 Qg7 41. Qf4 Qf7 42. Red1 Kg7 43. Qg5 h6 44. Qg3 Kh7 45. Bb2 f4 46. Qf3 Bxe5 47. Ba3 Rc7 48. Rxe5 Rxe5 49. Bd6 Ree7 50. Bxc7 Rxc7 51. Rd4 Re7 52. Qxf4 Qxf4 53. Rxf4 Kg7 54. Rd4 Kf6 55. Rd5 Re3 56. Rb5 1-0


[Site "https://www.chess.com"]

[Event "Titled Tuesday Blitz June 20 Early 2023"]
[White "Itgelt, Khuyagtsogt"]
[Black "angelgab3"]
[WhiteFideId "4902912"]
[WhiteElo "2227"]
[BlackElo "2515"]
[Result "0-1"]
[Round "6"]
[TimeControl "180+2"]
[Date "2023.06.20"]
[WhiteClock "0:00:01"]
[BlackClock "0:00:39"]
[Board "75"]

1. d4 Nf6 2. c4 e6 3. Nf3 d5 4. g3 dxc4 5. Bg2 Bd7 6. Ne5 Bc6 7. Nxc6 Nxc6 8. e3 Qd7 9. O-O Rd8 10. Nd2 b5 11. a3 Be7 12. Qc2 e5 13. Nf3 exd4 14. exd4 O-O 15. Rd1 Nd5 16. b3 cxb3 17. Qxb3 Na5 18. Qc2 Bf6 19. Bg5 Qd6 20. Bxf6 Qxf6 21. Ne5 Rfe8 22. Rac1 c5 23. Ng4 Qg5 24. dxc5 Nf4 25. Ne3 Nxg2 26. Kxg2 Rc8 27. Rd5 Qe7 28. Qd3 Qb7 29. Kg1 g6 30. Rd7 Qc6 31. Rxa7 Red8 32. Qc3 Nc4 33. Nxc4 Qxc5 34. Qe3 Qxe3 35. fxe3 bxc4 36. Ra4 c3 37. Kf2 Rd2+ 38. Ke1 Rxh2 39. Rd4 Rh1+ 40. Ke2 Rxc1 0-1


[Site "https://www.chess.com"]

[Event "Titled Tuesday Blitz June 20 Early 2023"]
[White "Postny, Evgeny"]
[Black "Horak, Martin"]
[WhiteFideId "2804344"]
[BlackFideId "367095"]
[WhiteElo "2504"]
[BlackElo "2091"]
[Result "1-0"]
[Round "6"]
[TimeControl "180+2"]
[Date "2023.06.20"]
[WhiteClock "0:00:52"]
[BlackClock "0:00:01"]
[Board "76"]

1. e4 c5 2. Nf3 Nc6 3. d4 cxd4 4. Nxd4 g6 5. c4 Bg7 6. Nc2 d6 7. Be2 Be6 8. O-O Rc8 9. Ne3 Nd4 10. Bd3 Nf6 11. Nc3 O-O 12. Kh1 a6 13. a4 Nc6 14. Qe2 Ne5 15. Bd2 Nfd7 16. b3 Nxd3 17. Qxd3 Nc5 18. Qc2 f5 19. exf5 gxf5 20. Rae1 f4 21. Ned5 Rf7 22. Nxf4 Bf5 23. Qd1 Nd3 24. Nxd3 Bxd3 25. Rg1 Rxf2 26. Be3 Bc2 27. Qd5+ Rf7 28. Rgf1 Qe8 29. Bd4 Bg6 30. Bxg7 Kxg7 31. Qd4+ Kg8 32. Nd5 b5 33. Rxf7 Bxf7 34. Nxe7+ Kf8 35. Qh8+ Bg8 36. Qxg8# 1-0


[Site "https://www.chess.com"]

[Event "Titled Tuesday Blitz June 20 Early 2023"]
[White "Begmuratov, Alisher"]
[Black "Goffredo_Fofi"]
[WhiteFideId "14203367"]
[WhiteElo "2387"]
[BlackElo "2512"]
[Result "1-0"]
[Round "6"]
[TimeControl "180+2"]
[Date "2023.06.20"]
[WhiteClock "0:00:22"]
[BlackClock "0:00:01"]
[Board "77"]

1. e4 Nf6 2. e5 Nd5 3. Nc3 e6 4. Nf3 d6 5. d4 Nxc3 6. bxc3 Nd7 7. Bf4 dxe5 8. Nxe5 Bd6 9. Nxd7 Bxd7 10. Qg4 Bxf4 11. Qxf4 c5 12. Bd3 Bc6 13. O-O cxd4 14. cxd4 O-O 15. c4 Qf6 16. Qe3 Rad8 17. Rfd1 Rd7 18. Rd2 Rfd8 19. Rad1 Ba4 20. Bc2 Bxc2 21. Rxc2 Rxd4 22. Rf1 h5 23. c5 R8d5 24. c6 bxc6 25. Rxc6 h4 26. h3 a5 27. Rc7 Rd1 28. Rc8+ Kh7 29. Qe4+ Qf5 30. Qxh4+ Kg6 31. Rc1 Rxc1 32. Rxc1 Rd2 33. Rc3 f6 34. Qg3+ Qg5 35. Qf3 Rxa2 36. Qe4+ Qf5 37. Rg3+ Kh6 38. Qh4+ Qh5 39. Qd4 Qe5 40. Qd7 Ra1+ 41. Kh2 g6 42. Qd8 Qf5 43. Qh8# 1-0


[Site "https://www.chess.com"]

[Event "Titled Tuesday Blitz June 20 Early 2023"]
[White "Ljukin, Sergei"]
[Black "Florescu, Codrut-Constantin"]
[WhiteFideId "14102200"]
[BlackFideId "1202200"]
[WhiteElo "2312"]
[BlackElo "2191"]
[Result "1-0"]
[Round "6"]
[TimeControl "180+2"]
[Date "2023.06.20"]
[WhiteClock "0:00:06"]
[BlackClock "0:00:14"]
[Board "78"]

1. e4 c5 2. Nf3 e6 3. d4 cxd4 4. Nxd4 a6 5. Bd3 Bc5 6. Nb3 Ba7 7. c4 Ne7 8. Nc3 Nbc6 9. Bf4 d5 10. cxd5 exd5 11. exd5 Nxd5 12. Qe2+ Be6 13. Nxd5 Qxd5 14. O-O-O Rc8 15. Kb1 Nd4 16. Qe4 Nxb3 17. Qxd5 Bxd5 18. axb3 Bxb3 19. Rhe1+ Be6 20. Bf5 O-O 21. Rxe6 fxe6 22. Bxe6+ Kh8 23. Bxc8 Rxc8 24. f3 Bc5 25. Rd7 b6 26. Be5 Rg8 27. f4 h6 28. g4 a5 29. f5 Kh7 30. f6 Kg6 31. Rxg7+ Rxg7 32. fxg7 Kh7 33. Kc2 b5 34. Kd3 a4 35. h4 Be7 36. h5 Kg8 37. Ke4 Kf7 38. Kf5 b4 39. Ke4 a3 40. bxa3 bxa3 41. Kd3 a2 42. Kc2 Bd6 43. Ba1 Be7 44. Kb3 Bg5 45. Kxa2 Bd2 46. Kb3 Bg5 47. Kc4 Bd2 48. Kd5 Bg5 49. Ke4 Bc1 50. Kf5 Bg5 51. Bb2 Bd2 52. Bf6 Be3 53. g5 Bxg5 54. Bxg5 hxg5 55. h6 g4 56. Kxg4 Kg8 57. Kf5 Kh7 58. Ke6 Kg8 59. Ke7 Kh7 60. Kf7 1-0


[Site "https://www.chess.com"]

[Event "Titled Tuesday Blitz June 20 Early 2023"]
[White "Delorme, Axel"]
[Black "Idani, Pouya"]
[WhiteFideId "632023"]
[BlackFideId "12510130"]
[WhiteElo "2478"]
[BlackElo "2574"]
[Result "0-1"]
[Round "6"]
[TimeControl "180+2"]
[Date "2023.06.20"]
[WhiteClock "0:00:14"]
[BlackClock "0:00:15"]
[Board "79"]

1. e4 c5 2. Nf3 d6 3. Bb5+ Nd7 4. Ba4 Nf6 5. O-O e6 6. d4 cxd4 7. Qxd4 Be7 8. c4 O-O 9. Nc3 Nc5 10. Bc2 b6 11. b4 Ncd7 12. Rd1 Bb7 13. Bg5 h6 14. Bh4 Rc8 15. Nb5 d5 16. cxd5 exd5 17. e5 Rxc2 18. exf6 Nxf6 19. Nxa7 Rc4 20. Qxc4 dxc4 21. Rxd8 Rxd8 22. Ne5 Rd4 23. Nac6 Rxh4 24. Nxe7+ Kf8 25. N7g6+ fxg6 26. Nxg6+ Kf7 27. Nxh4 Ke6 28. Kf1 c3 29. Rc1 Ba6+ 30. Ke1 Nd5 31. Nf3 Kf5 32. b5 Bc8 33. Nd4+ Ke4 34. Ne2 Kd3 35. g3 Kc4 36. Nxc3 Ne7 37. Ne4+ Kd4 38. Nd6 Be6 39. f4 Nd5 40. Kf2 Bg4 41. Rc6 g5 42. fxg5 hxg5 43. h4 gxh4 44. gxh4 Bh5 45. Rc7 Nxc7 46. Nf5+ Ke5 47. Ng3 Bf7 48. h5 Bxa2 49. h6 Bg8 50. Ke3 Bh7 51. Nh5 Nxb5 52. Nf4 Nd6 53. Ne2 b5 54. Nc1 Kd5 55. Kd2 Kc4 56. Na2 Nf5 57. Nc3 Nxh6 58. Nxb5 Kxb5 59. Ke3 Kc5 60. Kf4 Nf7 61. Kf3 Kd4 62. Kg4 Ke4 63. Kg3 Bf5 64. Kf2 Bg4 65. Kg3 Ne5 66. Kf2 Kf4 67. Ke1 Ke3 68. Kf1 Bf3 69. Ke1 Nd3+ 70. Kf1 Nc5 71. Ke1 Ne4 72. Kf1 Bg4 73. Ke1 Ng5 74. Kf1 Nh3 75. Ke1 Nf4 76. Kf1 Bf3 77. Ke1 Bg4 78. Kf1 Be6 79. Ke1 Bb3 80. Kf1 Ba4 81. Ke1 Ng2+ 82. Kf1 Kf3 83. Kg1 Kg3 84. Kf1 Bb5+ 85. Kg1 Nf4 86. Kh1 Bc4 87. Kg1 Nh3+ 88. Kh1 Bd5# 0-1


[Site "https://www.chess.com"]

[Event "Titled Tuesday Blitz June 20 Early 2023"]
[White "Rohde, Michael"]
[Black "Koshulyan, Egor A."]
[WhiteFideId "2000172"]
[BlackFideId "24237000"]
[WhiteElo "2274"]
[BlackElo "2216"]
[Result "0-1"]
[Round "6"]
[TimeControl "180+2"]
[Date "2023.06.20"]
[WhiteClock "0:00:00"]
[BlackClock "0:01:00"]
[Board "80"]

1. d4 Nf6 2. Nf3 d5 3. c4 e6 4. Nc3 c6 5. e3 Nbd7 6. a3 Bd6 7. Bd3 dxc4 8. Bxc4 b5 9. Ba2 Bb7 10. O-O O-O 11. h3 a5 12. e4 e5 13. Be3 b4 14. Na4 Nxe4 15. Qc2 Nef6 16. dxe5 Nxe5 17. Nxe5 Bxe5 18. Rad1 Qc7 19. Bb6 Qb8 20. axb4 axb4 21. Bc5 Re8 22. Bc4 Ba6 23. Nb6 Bxc4 24. Nxc4 Bc7 25. Qb3 Nd5 26. Ne3 Nf6 27. Qxb4 Be5 28. Qxb8 Raxb8 29. b4 Ne4 30. Nc4 Bc3 31. Nd6 Nxd6 32. Rxd6 Rec8 33. Rc1 Be5 34. Rd7 g6 35. Re1 Bf6 36. g3 Kg7 37. Kg2 Ra8 38. h4 h5 39. Rb7 Rab8 40. Rxb8 Rxb8 41. Rd1 Bc3 42. Rd6 Rc8 43. Bd4+ Bxd4 44. Rxd4 Kf6 45. Rc4 Ke7 46. Kf3 Kd6 47. Kf4 Re8 48. Kg5 Re5+ 49. Kf6 Rf5+ 50. Kg7 Rxf2 0-1


[Site "https://www.chess.com"]

[Event "Titled Tuesday Blitz June 20 Early 2023"]
[White "Vaibhav Jayant Raut"]
[Black "Zaitsev, Alexander"]
[WhiteFideId "5089034"]
[BlackFideId "4164490"]
[WhiteElo "2156"]
[BlackElo "2373"]
[Result "0-1"]
[Round "6"]
[TimeControl "180+2"]
[Date "2023.06.20"]
[WhiteClock "0:00:19"]
[BlackClock "0:00:14"]
[Board "81"]

1. c4 Nf6 2. g3 e6 3. Bg2 d5 4. Nf3 dxc4 5. Qa4+ c6 6. Qxc4 b5 7. Qc2 Bb7 8. d4 Nbd7 9. O-O a6 10. e4 c5 11. e5 Nd5 12. Nc3 cxd4 13. Ne4 Rc8 14. Qe2 d3 15. Qxd3 Nc5 16. Nxc5 Bxc5 17. Bg5 Qb6 18. Bd2 h6 19. Rac1 O-O 20. Qe2 Rfd8 21. Qe1 b4 22. Kh1 a5 23. g4 Ba6 24. g5 Bxf1 25. Qxf1 Bxf2 26. gxh6 Be3 27. Ng5 Bxg5 28. Bxg5 f6 29. exf6 gxf6 30. Bd2 Rxc1 31. Qxc1 Qd4 32. Qe1 Qg4 33. h3 Qg6 34. Qxe6+ Qf7 35. h7+ Kg7 36. h8=Q+ Rxh8 37. Qxf7+ Kxf7 38. Bxd5+ Ke7 39. Be3 Rxh3+ 40. Kg2 Rxe3 41. b3 Rd3 42. Bc4 Rd2+ 43. Kf3 Rxa2 44. Ke4 Rc2 45. Bd5 Kd6 46. Bf7 Rc5 47. Kd4 f5 48. Ke3 Ke5 49. Kd3 Rc3+ 50. Kd2 f4 51. Ke2 Kd4 52. Kf2 Ke4 53. Ke2 Rc2+ 54. Kd1 Rb2 55. Ke1 Ke3 56. Kf1 f3 57. Kg1 Rb1+ 58. Kh2 f2 59. Bc4 f1=Q 60. Bxf1 Rxf1 0-1


[Site "https://www.chess.com"]